 Dungeon Crawl Stone Soup version 0.28-a0-1524-ge72afd5fc6 (webtiles) character file.

Game seed: 14625728447835336861

3826 comborobin the Grappler (level 10, -8/69 HPs)
             Began as an Octopode Cinder Acolyte on Jan 18, 2022.
             Was a Follower of Ignis.
             Mangled by a wyvern (11 damage)
             ... on level 7 of the Dungeon.
             The game lasted 00:09:24 (11084 turns).

comborobin the Grappler (Octopode Cinder Acolyte)  Turns: 11084, Time: 00:09:25

Health: -8/69      AC:  1    Str: 15    XL:     10   Next: 17%
Magic:  12/12      EV: 13    Int: 20    God:    Ignis [*.....]
Gold:   259        SH:  0    Dex:  7    Spells: 12/12 levels left

rFire   + . .      SeeInvis .     - Unarmed
rCold   . . .      Faith    .   (no shield)
rNeg    . . .      Spirit   .   (helmet restricted)
rPois   .          Reflect  .   (no amulet)
rElec   .          Harm     .   m - ring of fire
rCorr   .          Rampage  .   f - ring of ice
Will    .....                   (no ring)
Stlth   ++........              (no ring)
HPRegen 0.21/turn               (no ring)
MPRegen 0.13/turn               (no ring)
                                (no ring)
                                (no ring)

@: no status effects
A: almost no armour, amphibious, 8 rings, camouflage 1, gelatinous body 1,
(nimble swimmer 1), tentacles
a: Renounce Religion, Fiery Armour, Foxfire Swarm


You were on level 7 of the Dungeon.
You worshipped Ignis.
Ignis was aware of your devotion.
You visited 2 branches of the dungeon, and saw 8 of its levels.

You collected 259 gold pieces.

Inventory:

Hand Weapons
 c - a +1 rapier of venom
Missiles
 e - 2 javelins (quivered)
 q - a throwing net
Jewellery
 f - a ring of ice (right tentacle)
 m - a ring of fire (left tentacle)
Wands
 a - a wand of mindburst (12)
 j - a wand of flame (5)
 l - a wand of charming (3)
Scrolls
 b - 3 scrolls of identify {unknown}
 d - 4 scrolls of teleportation {unknown}
 g - a scroll of fog
 h - a scroll of amnesia {unknown}
 i - a scroll of acquirement {unknown}
 p - a scroll of blinking {unknown}
 s - a scroll of enchant armour
Potions
 k - a potion of lignification {unknown}
 n - a potion of attraction {unknown}
 o - a potion of mutation {unknown}


   Skills:
 + Level 6.9 Fighting
 + Level 5.7 Dodging
 * Level 11.6 Unarmed Combat
 - Level 1.9 Spellcasting
 - Level 3.5 Fire Magic


You had 12 spell levels left.
You didn't know any spells.
Your spell library contained the following spells:

 Spells                   Type           Power      Damage    Failure   Level
 Scorch                   Fire           46%        2d7       6%          2
 Sandblast                Erth           2%         2d4       16%         1
 Ensorcelled Hibernation  Hex/Ice        4%         N/A       24%         2
 Passwall                 Tmut/Erth      0%         N/A       24%         2
 Stone Arrow              Conj/Erth      2%         3d7       43%         3
 Swiftness                Air            1%         N/A       43%         3
 Tukima's Dance           Hex            1%         N/A       43%         3
 Anguish                  Hex/Necr       0%         N/A       85%         4
 Leda's Liquefaction      Hex/Erth       0%         N/A       85%         4
 Silence                  Hex/Air        0%         N/A       99%         5
 Enfeeble                 Hex            0%         N/A       100%        7


Dungeon Overview and Level Annotations

Branches:
Dungeon (7/15)             Temple (1/1) D:4

Altars:
Ashenzari
Cheibriados
Dithmenos
Elyvilon
Fedhas
Gozag
Hepliaklqana
Kikubaaqudgha
Nemelex Xobeh
Okawaru
Qazlal
Ru
Sif Muna
Trog
Uskayaw
Vehumet
Wu Jian
Xom
Yredelemnul
Zin
The Shining One

Shops:
D:3 :

Portals:
Bailey: D:7


Innate Abilities, Weirdness & Mutations

You cannot wear most types of armour.
You are amphibious.
You can wear up to eight rings at the same time.
Your skin changes colour to match your surroundings (Stealth+).
Your rubbery body absorbs attacks. (AC +1, EV +1)
((You are camouflaged when in or above water. (Stealth+)))
You have tentacles for arms and can constrict up to eight enemies at once.


Message History

Joseph's mind is blasted!
You blow up Joseph!
Unknown command.
Unknown command.
You now have 259 gold pieces (gained 12).
k - a metallic orange potion
Items here: ( ))) [.
Things that are here:
a +0 flail; a +0 leather armour You start resting.
Your fiery armour burns out.
You start resting.
You hear the steady creaking of a portcullis very nearby.
You start resting.
A wyvern comes into view.
The wyvern hisses angrily.
The wyvern barely misses you.
Things that are here:
a +0 flail; a +0 leather armour You tentacle-slap the wyvern but do no damage.
The wyvern bites you!
* * * LOW HITPOINT WARNING * * *
You tentacle-slap the wyvern. You tentacle-slap the wyvern!
You squeeze the wyvern, but do no damage.
The wyvern is moderately wounded.
The wyvern bites you!
* * * LOW HITPOINT WARNING * * *
Okay, then.
Okay, then.
Okay, then.
Okay, then.
Okay, then.
Items here: ( ))) [.
Okay, then.
Activating: Foxfire Swarm
Press: ? - help, Dir - look around, f - activate Flames leap up around you!
The wyvern bites you.
* * * LOW HITPOINT WARNING * * *
The wyvern bites you!
You die...

#.....<..######.##.#
#.......).......##..
###.......########....
.............))).....
#.......########....
#.......########.#.#
#vvvv...[........###
##vv###.≈≈≈≈≈≈≈..#
##v@###.≈#####≈.>#
#vvvlv..≈#. #≈..#
#vv###..≈..∩.#≈.)#
#..# ##.≈#...#≈..#
#..# #.≈#####≈..# #..#
#.≈≈≈≈))≈.[#
#..####....†))...#
#..........)#.#.....
#.#.#.#.#.#.#......#


You could see a wyvern (ally target).

Vanquished Creatures
  Joseph (D:7)
  A kobold demonologist (D:6)
  A troll (D:6)
  Grinder (D:3)
  A water moccasin (D:5)
  An ice beast (D:5)
  2 black bears
  2 ogres (D:6)
  A centaur (D:6)
  A necrophage (D:4)
  A phantom (D:4)
  Blork the orc (D:5)
  3 bullfrogs
  2 scorpions
  A water moccasin skeleton (D:5)
  3 wights (D:7)
  3 howler monkeys (D:7)
  3 centaur zombies
  4 hounds
  A jelly (D:6)
  A gnoll shaman (D:5)
  2 orc priests (D:4)
  2 centaur skeletons
  2 iguanas
  2 orc wizards (D:5)
  2 scorpion zombies (D:5)
  A killer bee zombie (D:6)
  5 hound zombies (D:5)
  3 hound skeletons
  2 howler monkey zombies
  7 gnolls
  2 howler monkey skeletons
  5 adders
  3 white imps
  An adder zombie (D:5)
  2 adder skeletons (D:4)
  3 worms
  2 dart slugs
  28 orcs
  6 bats
  7 endoplasms
  2 giant cockroaches (D:2)
  8 goblins
  11 hobgoblins
  14 ball pythons
  5 frilled lizards
  5 kobolds
  8 rats
175 creatures vanquished.

Vanquished Creatures (collateral kills)
  A centaur zombie (D:5)
  A hound zombie (D:5)
  A howler monkey zombie (D:5)
  3 gnolls (D:6)
  A worm (D:4)
7 creatures vanquished.

Vanquished Creatures (others)
  A bullfrog zombie (D:5)
  A gnoll shaman (D:6)
  A gnoll (D:5)
  78 foxfires
  2 fungi (D:3)
  11 plants (D:3)
  9 withered plants (D:5)
103 creatures vanquished.

Grand Total: 285 creatures vanquished

Notes
Turn   | Place    | Note
-------+----------+-------------------------------------------
     0 | D:1      | comborobin the Octopode Cinder Acolyte began the quest for
                  | the Orb.
     0 | D:1      | Reached XP level 1. HP: 16/16 MP: 2/2
   293 | D:1      | Reached XP level 2. HP: 20/21 MP: 3/3
   738 | D:1      | Reached XP level 3. HP: 26/26 MP: 5/5
  2273 | D:2      | Reached XP level 4. HP: 21/31 MP: 6/6
  2710 | D:3      | Noticed Grinder
  2720 | D:3      | Killed Grinder
  2721 | D:3      | Reached XP level 5. HP: 23/38 MP: 7/7
  2721 | D:3      | Reached XP level 6. HP: 27/45 MP: 8/8
  3138 | D:3      | Found a faded altar of an unknown god.
  3207 | D:3      | Found Iheycor's Book Shop.
  3723 | D:4      | Found a staircase to the Ecumenical Temple.
  3754 | D:4      | Reached skill level 5 in Fighting
  3761 | Temple   | Entered the Ecumenical Temple
  4755 | D:4      | Reached XP level 7. HP: 46/50 MP: 9/9
  5315 | D:4      | Got Uwysuam's Volume of Bewitchment
  5583 | D:5      | Entered Level 5 of the Dungeon
  5822 | D:5      | Noticed Blork the orc
  5829 | D:5      | Killed Blork the orc
  6005 | D:5      | Reached skill level 5 in Dodging
  6167 | D:5      | Reached skill level 4 in Unarmed Combat
  6167 | D:5      | Reached XP level 8. HP: 39/58 MP: 10/10
  6178 | D:5      | HP: 4/87 [white imp (6)]
  6504 | D:5      | Reached skill level 5 in Unarmed Combat
  6932 | D:5      | Reached skill level 6 in Unarmed Combat
  7614 | D:5      | HP: 2/58 [ice beast (10)]
  7616 | D:5      | Reached skill level 7 in Unarmed Combat
  8354 | D:6      | Reached XP level 9. HP: 39/63 MP: 11/11
  8521 | D:6      | Reached skill level 8 in Unarmed Combat
  9032 | D:6      | Reached skill level 9 in Unarmed Combat
  9593 | D:6      | Noticed a kobold demonologist
  9600 | D:6      | Killed a kobold demonologist
  9836 | D:6      | Reached skill level 10 in Unarmed Combat
 10122 | D:6      | Noticed a troll
 10168 | D:6      | Killed a troll
 10605 | D:7      | Reached skill level 11 in Unarmed Combat
 10915 | D:7      | Reached XP level 10. HP: 39/69 MP: 12/12
 10957 | D:7      | Noticed Joseph
 10972 | D:7      | Found a flagged portal.
 10999 | D:7      | HP: 2/69 [Joseph/sling bullet (5)]
 11001 | D:7      | Killed Joseph
 11082 | D:7      | HP: 3/69 [wyvern (9)]
 11084 | D:7      | Mangled by a wyvern

Illustrated notes

Levels and vault maps discovered:
D:1:      evilmike_arrival_crescent, layout_loops_ring, minmay_misc_feat_x,
          st_stairs_3, hex_tiny, grunt_decor_one_mirror,
          minmay_shallow_snake_nest
D:2:      layout_rooms, kennysheep_generic_room_7
D:3:      layout_basic, serial_shops, shop,
          shapermc_ecumenical_altar_mp_urbaneastern, minmay_unequal,
          uniq_grinder
D:4:      layout_basic, minmay_temple_entry_glass
D:5:      layout_basic, serial_undead, serial_undead_c, serial_undead_a,
          serial_undead_f, serial_undead_a, serial_undead_f, serial_undead_e,
          serial_undead_c, serial_undead_c, minmay_crystal_water,
          eino_curves_01, chequers_jeans, minmay_strange_pillars,
          uniq_blork_the_orc
D:6:      layout_rooms, minmay_three_doors
D:7:      layout_loops_ring, serial_shops, nicolae_shop_statue_plus,
          enter_bailey_3, st_stairs_11, uniq_joseph
Temple:   nicolae_temple_the_god_donut

Skill      XL: |  1  2  3  4  5  6  7  8  9 |
---------------+----------------------------+-----
Fighting       | 4 5 6 |  6.9
Dodging        | 2 3 5 |  5.7
Unarmed Combat | 4 7 11 | 11.6
Spellcasting   | |  1.9
Fire Magic     | |  3.5

Action                   |  1- 3 |  4- 6 |  7- 9 | 10-12 || total
-------------------------+-------+-------+-------+-------++-------
Melee: Unarmed           |   100 |     8 |   162 |     9 ||   279
       Constrict         |    23 |    19 |    51 |       ||    93
       Tentacles         |    11 |    17 |    59 |     1 ||    88
       Punch             |     4 |     2 |    16 |     1 ||    23
       Rapier            |       |    68 |    98 |       ||   166
Invok: Foxfire Swarm     |       |     2 |     2 |     2 ||     6
       Fiery Armour      |       |       |     2 |       ||     2
       Rising Flame      |       |       |     1 |       ||     1
Evoke: Wand              |       |     2 |     8 |     2 ||    12
  Use: Scroll            |     3 |       |       |       ||     3
       Potion            |       |     1 |     1 |     4 ||     6
 Stab: Sleeping          |     6 |     2 |     1 |       ||     9
Armor: Skin              |    13 |     8 |    22 |    14 ||    57
Dodge: Dodged            |    54 |    50 |   206 |    39 ||   349

Table legend: (Time is in decaauts)
 A = Elapsed time spent in this place.
 B = Non-inter-level travel time spent in this place.
 C = Inter-level travel time spent in this place.
 D = Time resting spent in this place.
 E = Time spent auto-exploring this place.
 F = Levels seen in this place.
 G = Mean time per level.
                   A        B        C        D        E       F      G
               +--------+--------+--------+--------+--------+-----+--------+
         Total |  11095 |  10819 |    276 |   3712 |   5575 |   8 | 1386.9 |
       Dungeon |  10316 |  10066 |    250 |   3214 |   5343 |   7 | 1473.7 |
        Temple |    779 |    753 |     26 |    498 |    232 |   1 |  779.0 |
               +--------+--------+--------+--------+--------+-----+--------+

Top non-repeatable levels by time:
     D:5: 3041 daAuts
     D:6: 1904 daAuts
     D:1: 1739 daAuts
     D:4: 1136 daAuts
     D:3: 1054 daAuts
     D:2: 885 daAuts
  Temple: 779 daAuts
     D:7: 555 daAuts
